AoeStats
← alekos_87

Arena

509407827Analyzed
4v4 RM · 1mo ago on Sep 26, 2026· 39m 12s· 8 players
Game mode
Random Map
Map size
Large (8 player)
Population
200
Speed
Normal
Resources
Standard
Victory
Conquest
Starting age
Dark Age
Ending age
Imperial Age
RankedLock teamsTeams togetherTeam positionsShared explorationLock speedFull tech treeHidden civsTurbo modeCheats
Victory
Defeat
🇬🇷 Persians · Greece
938
+46
🇦🇷 Spanish · Argentina
934
+16
🇨🇳 Mongols · China
912
+17
🇨🇱 Britons · Chile
910
+17
vs
🇲🇽 Lithuanians · Mexico
1184
-26
🇩🇪 Cumans · Germany
1087
-22
🇩🇪 Franks · Germany
839
-13
🇲🇽 Bohemians · Mexico
614
-5
zeos0708
10:50 Feudal Age
11:15 Town Watch
11:26 Double-Bit Axe
17:17 Castle Age
15:58 Stone Mining
16:48 Gold Mining
18:12 Bow Saw
21:00 Horse Collar
23:09 Padded Archer Armor
23:57 Loom
24:40 Fletching
33:25 Imperial Age
32:29 Leather Archer Armor
35:28 Chemistry
34:34 Heavy Plow
35:50 Conscription
39:18 Wheelbarrow
39:12 Ballistics
alekos_87
10:05 Feudal Age
11:20 Wheelbarrow
13:16 Double-Bit Axe
21:34 Castle Age
21:11 Stone Mining
21:12 Gold Mining
21:48 Scale Barding Armor
21:45 Scale Mail Armor
21:58 Forging
22:50 Hand Cart
26:09 Horse Collar
29:02 Bloodlines
28:55 Husbandry
29:21 Chain Barding Armor
30:35 Bow Saw
37:32 Imperial Age
37:25 Gold Shaft Mining
37:25 Stone Shaft Mining
37:13 Caravan
37:44 Coinage
37:16 Scale Mail Armor
37:52 Iron Casting
37:21 Heavy Plow
Chocapic
13:25 Feudal Age
13:52 Double-Bit Axe
13:50 Horse Collar
19:19 Castle Age
17:54 Gold Mining
17:56 Stone Mining
20:24 Bow Saw
20:58 Crossbowman
22:37 Wheelbarrow
29:10 Imperial Age
27:43 Hand Cart
28:41 Town Watch
30:05 Ballistics
30:50 Arbalester
32:08 Fletching
32:19 Padded Archer Armor
34:52 Elite Skirmisher
37:36 Leather Archer Armor
37:17 Bodkin Arrow
38:26 Chemistry
39:40 Ring Archer Armor
39:11 Bracer
猪头
9:50 Feudal Age
14:56 Castle Age
12:46 Horse Collar
14:08 Double-Bit Axe
14:21 Loom
17:26 Bow Saw
17:17 Heavy Plow
21:59 Town Watch
24:15 Wheelbarrow
27:57 Gold Mining
28:12 Stone Mining
32:31 Imperial Age
30:41 Gold Shaft Mining
30:41 Stone Shaft Mining
30:31 Fletching
30:42 Padded Archer Armor
32:35 Ballistics
32:26 Bodkin Arrow
32:47 Leather Archer Armor
33:25 Bloodlines
33:16 Husbandry
33:24 Thumb Ring
33:45 Parthian Tactics
34:32 Chemistry
33:57 Conscription
34:10 Light Cavalry
35:14 Elite Mangudai
36:15 Scale Barding Armor
36:31 Bracer
36:43 Forging
37:33 Hussar
39:11 Chain Barding Armor
39:28 Iron Casting
MIAAU | GatúbelO
7:00 Loom
12:05 Feudal Age
14:13 Wheelbarrow
17:42 Castle Age
16:22 Horse Collar
16:37 Double-Bit Axe
19:43 Fervor
22:25 Sanctity
25:00 Chemistry
29:55 Imperial Age
27:31 Town Watch
28:02 Bow Saw
29:07 Ballistics
30:42 Hand Cart
34:10 Caravan
34:51 Pikeman
GaboAlv
0:57 Loom
10:33 Feudal Age
11:28 Double-Bit Axe
15:45 Castle Age
14:18 Horse Collar
16:40 Wheelbarrow
25:24 Heavy Plow
26:31 Town Watch
29:49 Imperial Age
28:20 Hand Cart
28:49 Bow Saw
29:38 Elite Skirmisher
30:32 Scale Barding Armor
32:53 Chain Barding Armor
33:20 Conscription
33:05 Tower Shields
33:07 Fletching
33:18 Padded Archer Armor
TheRealLuckystrike
10:20 Feudal Age
16:23 Castle Age
15:44 Double-Bit Axe
18:12 Bow Saw
20:52 Scale Barding Armor
20:58 Forging
25:39 Husbandry
31:06 Iron Casting
34:03 Imperial Age
33:56 Wheelbarrow
33:12 Loom
33:13 Town Watch
36:22 Chain Barding Armor
37:03 Blast Furnace
35:31 Cavalier
Ballermann
8:58 Feudal Age
7:16 Loom
9:49 Double-Bit Axe
10:39 Horse Collar
22:42 Castle Age
21:50 Wheelbarrow
21:01 Town Watch
21:49 Scale Barding Armor
21:55 Forging
22:30 Scale Mail Armor
22:42 Fletching
22:52 Padded Archer Armor
23:04 Bloodlines
23:02 Elite Skirmisher
23:56 Thumb Ring
24:05 Thumb Ring
24:26 Chain Barding Armor
25:55 Bow Saw
25:47 Heavy Plow
30:40 Imperial Age
29:25 Hand Cart
29:52 Iron Casting
29:35 Leather Archer Armor
29:30 Gold Mining
29:32 Stone Mining
30:33 Bodkin Arrow
31:27 Ballistics
31:01 Cavalier
33:10 Plate Barding Armor
32:49 Light Cavalry
35:18 Blast Furnace
34:16 Hussar
Connection lost

Rejoining the realm…

Still unreachable

The connection could not be restored.

Session expired

The server has moved on; the page needs a fresh start.